Map: Glace et chrome EC

Players

BsON

  • Race: Terran Terran
  • Spawn Location: 1:00

MMA - Winner!

  • Race: Terran Terran
  • League: Master
  • Spawn Location: 7:00

VOD

Have the link to the VOD?

Description

Time

  • Played on: Aug. 5, 2020, 9:05 p.m.
  • Length: 19:08
Show
View Real Time Build Order
Export as new Build Order

BsON Terran 

Build Orders: Reaper Expand 

Get SALT Encoding   

  12  0:00  SCV  
  13  0:12  SCV  
  14  0:17  Supply Depot  
  14  0:24  SCV  
  15  0:39  SCV  
  15  0:40  Barracks  
  16  0:43  Refinery  
  16  0:51  SCV  
  17  1:03  SCV  
  18  1:15  SCV  
  19  1:27  Reaper, Orbital Command  
  20  1:41  Command Center  
  20  1:50  Supply Depot  
  20  1:53  SCV  
  21  1:59  Marine  
  22  2:05  SCV  
  23  2:09  Factory  
  23  2:17  SCV, Refinery  
  23  2:20  Marine  
  25  2:25  Bunker  
  25  2:39  Marine  
  25  2:40  SCV  
  27  2:52  SCV  
  27  2:55  Hellion, Orbital Command  
  30  3:00  Starport  
  30  3:01  Barracks Reactor  
  30  3:07  SCV  
  31  3:19  SCV, Factory Tech Lab  
  32  3:22  SCV  
  33  3:31  SCV, Supply Depot  
  34  3:34  SCV  
  34  3:39  Cyclone, Marine x2, Starport Tech Lab  
  40  3:43  SCV  
  40  3:46  SCV, Refinery  
  42  3:55  SCV  
  42  3:59  Supply Depot, Marine x2, Raven  
  42  4:00  SCV  
  48  4:08  SCV  
  49  4:13  SCV  
  49  4:15  Siege Tank  
  53  4:22  Command Center  
  53  4:24  SCV  
  54  4:27  SCV  
  54  4:29  Supply Depot  
  55  4:39  SCV  
  55  4:40  SCV  
  57  4:51  SCV, Siege Tank  
  57  4:52  SCV  
  62  4:58  Engineering Bay x2  
  62  5:01  Supply Depot  
  62  5:03  SCV  
  63  5:08  SCV  
  64  5:16  Barracks  
  64  5:17  SCV, Barracks  
  64  5:20  SCV  
  66  5:22  Refinery  
  66  5:27  Viking x2, Marine, Siege Tank  
  74  5:29  SCV  
  74  5:32  SCV  
  74  5:34  Terran Infantry Weapons Level 1  
  74  5:35  Terran Infantry Armor Level 1  
  76  5:39  Orbital Command  
  76  5:42  SCV  
  77  5:45  SCV, Marine  
  79  5:52  Supply Depot  
  79  5:54  SCV  
  79  5:55  Stimpack  
  80  5:58  SCV  
  81  6:07  Barracks  
  81  6:08  SCV  
  81  6:11  SCV, Barracks  
  83  6:12  Barracks Reactor x2  
  83  6:13  SCV  
  83  6:16  Supply Depot, Marine  
  83  6:17  Siege Tank  
  88  6:19  Viking  
  88  6:20  SCV  
  88  6:23  SCV  
  92  6:26  Viking  
  92  6:32  SCV  
  96  6:33  Marine  
  96  6:36  SCV  
  96  6:37  Orbital Command  
  96  6:38  Armory  
  95  6:44  SCV  
  96  6:48  SCV  
  96  6:51  Viking, Marine  
  96  6:53  Siege Tank  
  103  6:56  Viking, SCV  
  103  6:59  Marine  
  103  7:00  SCV, Marine  
  109  7:13  Supply Depot  
  109  7:14  Supply Depot  
  109  7:15  Supply Depot  
  109  7:16  Marine x3  
  109  7:17  Barracks Reactor x2, SCV x3, Marine  
  117  7:33  Refinery x2  
  117  7:34  SCV x2, Marine x2  
  117  7:36  Marine x3  
  126  7:37  Terran Infantry Weapons Level 2  
  126  7:45  Medivac x2  
  126  7:48  SCV x3  
  129  7:52  Marine x2  
  129  7:53  Marine x4  
  129  7:54  Marine x3, Siege Tank  
  141  8:04  Terran Vehicle Weapons Level 1  
  141  8:05  Supply Depot x2  
  141  8:12  Combat Shield  
  141  8:15  SCV  
  141  8:19  Factory  
  141  8:26  Medivac, Marine x8  
  151  8:30  Supply Depot  
  151  8:31  Supply Depot, Marine, Siege Tank  
  151  8:32  Medivac  
  156  8:34  Command Center  
  156  8:39  SCV  
  157  8:44  SCV  
  157  8:50  Marine  
  157  8:52  SCV x2, Marine  
  157  8:55  Terran Infantry Armor Level 2  
  160  8:56  SCV  
  160  9:03  Siege Tank  
  160  9:04  SCV  
  160  9:06  Marine  
  160  9:07  Marine x6  
  168  9:24  Barracks x2  
  168  9:26  Sensor Tower  
  168  9:30  Marine x5  
  173  9:35  Marine  
  173  9:40  Marine  
  173  9:42  Marine  
  172  9:46  Siege Tank  
  172  9:47  Marine  
  172  9:48  Marine x4  
  172  9:52  Marine  
  179  9:58  Marine  
  181  10:01  Marine x2  
  181  10:03  Medivac x2  
  181  10:05  Terran Vehicle Weapons Level 2, Terran Infantry Weapons Level 3, Marine  
  181  10:06  Supply Depot  
  188  10:07  Supply Depot  
  188  10:10  Marine x2  
  190  10:18  Siege Tank  
  174  10:32  Marine  
  155  10:48  Marine  
  155  10:49  Barracks Reactor  
  151  10:50  Siege Tank  
  151  10:51  Barracks Reactor, Siege Tank  
  157  10:57  Planetary Fortress  
  157  10:58  Barracks Reactor  
  157  11:02  Refinery, Sensor Tower  
  157  11:03  Missile Turret x3  
  157  11:13  Marine x8  
  165  11:22  Siege Tank  
  165  11:23  Siege Tank  
  165  11:25  Command Center, Marine  
  171  11:26  Marine  
  171  11:30  Marine  
  171  11:31  Marine x7  
  178  11:33  Sensor Tower  
  154  11:43  Marine x2  
  154  11:45  Marine x2  
  131  11:48  Marine  
  131  11:49  Marine x7  
  131  11:51  Medivac x2  
  143  11:54  Siege Tank  
  143  11:55  Siege Tank  
  143  11:58  Refinery  
  143  12:01  Marine x2  
  143  12:03  Terran Infantry Armor Level 3, Marine x2  
  143  12:06  Marine x4  
  139  12:16  Marine x4  
  139  12:19  Marine x2  
  128  12:24  Marine x6  
  128  12:26  Siege Tank  
  128  12:27  Siege Tank  
  134  12:33  Command Center, Marine  
  134  12:34  Marine x3  
  134  12:37  Marine x2  
  138  12:42  Marine x6  
  146  12:47  Marine x2  
  145  12:51  Marine x4  
  145  12:52  Viking  
  145  12:53  Viking  
  145  12:54  Marine  
  145  12:55  Marine  
  150  12:58  Siege Tank  
  150  12:59  Marine, Siege Tank  
  150  13:00  Marine x5  
  150  13:04  Marine  
  150  13:05  Marine  
  164  13:09  Marine x4  
  164  13:12  Marine  
  168  13:13  Marine  
  168  13:17  Marine x2  
  168  13:18  Marine x4  
  176  13:22  Viking, Marine  
  176  13:23  Marine  
  156  13:27  Marine x4  
  156  13:30  Marine, Siege Tank  
  156  13:31  Siege Tank  
  167  13:37  SCV x2  
  169  13:42  Marine x6  
  169  13:45  SCV, Command Center  
  169  13:48  Marine x7  
  183  14:00  Marine  
  184  14:03  Siege Tank  
  184  14:04  Siege Tank  
  169  14:11  Marine x5  
  154  14:18  Marine x6  
  154  14:21  Medivac x2, Marine x3  
  167  14:29  Marine x5  
  172  14:35  Siege Tank  
  172  14:36  Siege Tank  
  178  14:42  Sensor Tower  
  178  14:49  Marine x8  
  178  14:50  Marine x6  
  178  14:51  Medivac  
  194  14:54  Medivac  
  195  15:07  Marine x2, Siege Tank  
  195  15:14  Planetary Fortress  
  170  15:44  Marine x5  
  170  15:45  Marine x9  
  170  15:47  Medivac x2, Siege Tank x2  
  167  15:58  Command Center  
  167  16:02  Marine x10  
  177  16:06  Barracks  
  177  16:07  Barracks  
  177  16:08  Barracks  
  177  16:10  Terran Vehicle And Ship Armor Level 1  
  177  16:17  Medivac x2  
  178  16:18  Marine  
  178  16:19  Marine x3  
  178  16:20  Marine x5  
  178  16:35  Marine  
  178  16:36  Marine x8  
  178  16:37  Siege Tank x2  
  178  16:38  Marine x5  
  197  16:47  Medivac  
  200  17:01  Marine x4, Sensor Tower  
  183  17:02  Marine x10  
  183  17:08  Barracks Reactor x2  
  196  17:17  Planetary Fortress  
  196  17:19  Marine x4  
  200  17:33  Sensor Tower  
  200  17:39  Marine  
  200  17:46  Barracks  
  200  17:48  Barracks  
  200  17:49  Barracks  
  200  17:50  Barracks Reactor  
  172  18:16  Marine x6  
  172  18:17  Marine x6, Siege Tank x2  
  182  18:24  Missile Turret  
  182  18:25  Missile Turret  
  182  18:26  Marine x8  
  180  18:34  Marine x7  
  180  18:35  Marine x4  
  190  18:43  Marine  
  190  18:44  Marine x8  
Show
View Real Time Build Order
Export as new Build Order

MMA Terran - Winner!

Build Orders:  

Get SALT Encoding   

  12  0:00  SCV  
  13  0:12  SCV  
  14  0:17  Supply Depot  
  14  0:24  SCV  
  14  0:27  Refinery  
  15  0:38  SCV  
  16  0:44  Barracks  
  16  0:50  SCV  
  16  0:55  Refinery  
  17  1:03  SCV  
  18  1:15  SCV  
  19  1:30  Orbital Command  
  19  1:32  Reaper  
  20  1:40  Factory  
  20  1:49  Supply Depot  
  20  1:56  SCV  
  21  2:04  Reaper  
  21  2:08  SCV  
  23  2:20  SCV  
  24  2:24  Hellion  
  26  2:32  SCV  
  26  2:38  Command Center  
  26  2:39  Barracks Reactor  
  26  2:44  SCV  
  26  2:45  Factory Tech Lab  
  27  2:52  Supply Depot  
  27  2:56  SCV, Starport  
  28  3:08  SCV  
  29  3:19  Marine x2  
  33  3:20  SCV, Cyclone  
  34  3:32  SCV  
  35  3:38  Marine x2  
  37  3:45  SCV  
  38  3:51  Orbital Command  
  38  3:57  SCV  
  38  4:00  Factory Tech Lab  
  38  4:01  Raven, Marine x2  
  43  4:09  SCV, Supply Depot  
  44  4:17  SCV  
  44  4:20  Marine x2  
  44  4:21  SCV, Siege Tank  
  51  4:27  Supply Depot  
  51  4:29  SCV  
  52  4:33  SCV  
  53  4:38  Command Center  
  53  4:42  SCV  
  54  4:48  SCV  
  54  4:49  Barracks  
  55  4:53  Barracks  
  55  4:54  Starport Reactor  
  55  4:56  SCV  
  55  4:58  Siege Tank  
  59  5:01  SCV  
  59  5:08  SCV  
  59  5:11  Stimpack  
  59  5:13  SCV, Refinery  
  61  5:15  Refinery  
  61  5:16  Supply Depot  
  61  5:20  SCV  
  62  5:25  SCV  
  62  5:26  Marine  
  64  5:30  Supply Depot  
  64  5:32  SCV  
  68  5:35  Siege Tank  
  68  5:37  SCV  
  68  5:42  Engineering Bay  
  69  5:44  SCV, Starport Reactor, Engineering Bay  
  69  5:49  SCV  
  71  5:53  Orbital Command  
  71  5:55  Marine x3  
  71  5:56  SCV  
  75  6:01  SCV, Marine  
  75  6:02  Marine  
  78  6:09  SCV, Supply Depot  
  78  6:10  Terran Infantry Weapons Level 1  
  79  6:12  Terran Infantry Armor Level 1  
  79  6:13  SCV  
  79  6:14  Marine x2  
  82  6:23  Marine x2  
  82  6:24  Medivac, Siege Tank  
  55  6:25  Orbital Command  
  89  6:27  SCV  
  89  6:28  SCV  
  91  6:34  Marine  
  91  6:35  Marine x2  
  91  6:38  Medivac  
  97  6:40  SCV x2  
  97  6:45  Supply Depot  
  96  6:50  Marine x2  
  96  6:51  SCV  
  96  6:52  SCV, Marine x2  
  102  6:55  Medivac  
  102  6:57  SCV  
  102  7:00  Siege Tank  
  108  7:04  SCV  
  108  7:06  SCV, Refinery x2  
  108  7:08  Medivac, Supply Depot  
  112  7:10  Combat Shield  
  112  7:12  Supply Depot  
  112  7:26  Marine x2  
  112  7:27  Marine x3  
  116  7:32  SCV x2, Barracks x2  
  118  7:42  SCV  
  118  7:43  Sensor Tower  
  118  7:44  SCV, Marine x4, Siege Tank  
  121  7:45  Marine  
  127  7:55  Medivac  
  127  7:56  SCV, Medivac  
  132  8:00  Armory  
  132  8:01  Supply Depot  
  132  8:02  Marine x5  
  132  8:03  Supply Depot  
  137  8:10  Supply Depot  
  137  8:11  Supply Depot  
  127  8:20  Marine x3  
  127  8:21  Barracks Reactor x2  
  130  8:30  Marine  
  131  8:36  Command Center, Factory  
  130  8:41  Barracks Reactor  
  130  8:45  Marine x2  
  132  8:50  SCV x2  
  134  8:56  Marine x2  
  134  8:57  Siege Tank  
  134  8:58  SCV  
  134  8:59  Sensor Tower  
  140  9:02  Marine  
  140  9:03  Barracks x2  
  140  9:06  Barracks  
  141  9:10  Marine x2  
  141  9:11  Marine x3  
  146  9:17  Marine x3  
  146  9:18  Medivac x2, Terran Infantry Weapons Level 2  
  146  9:20  Marine  
  146  9:21  Terran Infantry Armor Level 2  
  154  9:25  Marine  
  154  9:28  Marine  
  156  9:32  Marine x2  
  156  9:33  Siege Tank  
  150  9:51  Barracks Reactor  
  150  9:52  Barracks Reactor  
  150  9:54  Marine  
  150  9:55  Barracks Reactor, Marine x4  
  154  10:05  Starport  
  154  10:06  Terran Vehicle Weapons Level 1, Starport  
  151  10:21  Marine x2  
  128  10:22  Marine x2  
  128  10:23  Marine x4  
  128  10:26  Siege Tank  
  132  10:29  Siege Tank  
  135  10:37  Marine x5  
  121  10:44  Marine x5  
  121  10:45  Marine x2  
  121  10:46  Marine  
  121  10:47  Marine  
  121  10:48  Medivac x2  
  117  10:52  Starport Reactor x2  
  117  10:58  Command Center, Siege Tank  
  117  10:59  Planetary Fortress  
  117  11:00  SCV  
  117  11:01  SCV x2, Siege Tank  
  126  11:05  Marine x3  
  126  11:07  Marine x3  
  132  11:13  SCV x3  
  135  11:21  Marine x5  
  135  11:22  Marine  
  141  11:30  Siege Tank  
  131  11:40  Marine x2  
  131  11:41  Marine x2  
  126  11:47  Marine  
  126  11:48  Marine  
  126  11:49  Marine x2  
  126  11:53  Viking x4  
  126  11:54  Viking x2  
  142  11:55  Terran Infantry Weapons Level 3, Terran Infantry Armor Level 3  
  128  12:18  Marine x4  
  128  12:21  Marine x2  
  128  12:22  Marine x2  
  125  12:25  Viking x2  
  125  12:26  Marine x3  
  133  12:30  Terran Vehicle Weapons Level 2, Fusion Core  
  133  12:33  Marine x3  
  133  12:36  Marine x2  
  133  12:37  Siege Tank x2  
  144  12:40  SCV x4, Refinery  
  144  12:41  Refinery  
  148  12:48  Liberator x2  
  154  12:53  Marine x3  
  154  12:54  Marine  
  158  13:01  Marine x2  
  160  13:09  Siege Tank  
  160  13:10  Marine  
  160  13:11  Marine x3  
  160  13:12  Siege Tank  
  170  13:13  Planetary Fortress  
  170  13:16  Command Center  
  125  13:27  Marine x2  
  125  13:32  Marine x2  
  127  13:34  Marine x5  
  127  13:35  Marine  
  127  13:41  Advanced Ballistics, Siege Tank  
  136  13:44  Siege Tank  
  142  13:54  Refinery  
  142  13:55  Refinery  
  139  13:59  Command Center  
  139  14:08  Marine x2  
  139  14:09  Marine x3  
  130  14:10  Marine  
  130  14:11  Marine x3  
  130  14:12  Marine x3  
  130  14:13  Marine x4  
  130  14:15  Siege Tank  
  130  14:16  Siege Tank  
  126  14:26  Marine x2  
  126  14:27  Marine x4  
  126  14:29  Marine x2  
  134  14:32  Marine x2  
  134  14:33  Marine x3  
  139  14:44  Command Center  
  139  14:55  Marine x7  
  139  14:56  Marine x2  
  139  14:58  Siege Tank x2  
  139  14:59  Marine x2  
  156  15:05  Planetary Fortress  
  156  15:07  Sensor Tower  
  156  15:22  Orbital Command  
  156  15:28  Marine x2  
  156  15:29  Marine x5  
  156  15:30  Hellion x2  
  146  15:44  Marine x2  
  146  15:47  Marine x2  
  146  15:48  Marine x2  
  146  15:49  Marine x8  
  132  15:50  Marine x2  
  132  15:51  Siege Tank x2  
  132  15:54  Liberator x4  
  149  16:00  Orbital Command  
  149  16:02  Marine  
  150  16:08  Marine x2  
  152  16:18  Marine x7  
  154  16:19  Marine x3  
  154  16:23  Siege Tank x2  
  168  16:27  Factory  
  168  16:31  Marine  
  164  16:38  Marine x3  
  164  16:39  Marine  
  168  16:43  Sensor Tower  
  168  16:52  Marine x2  
  170  16:59  Marine x3  
  170  17:00  Siege Tank x2  
  165  17:02  Medivac x3  
  165  17:03  Medivac  
  173  17:12  Factory Tech Lab  
  173  17:20  Refinery  
  173  17:28  Command Center  
  173  17:30  Marine x2  
  173  17:31  Viking x2  
  173  17:32  Viking  
  181  17:38  Marine x2  
  181  17:41  Viking x2  
  181  17:42  Marine x3  
  190  17:44  Marine x4  
  190  17:45  Marine x2, Siege Tank  
  199  17:58  Marine  
  195  18:11  Viking x3  
  195  18:12  Marine x2  
  191  18:23  Marine, Siege Tank x2  
  191  18:24  Marine x2  
  200  18:43  Refinery x2  
  197  18:52  Command Center  
Tags
 
League
Master
Matchup
TvT
Race
Terran
Spawn Locations
Cross Positions
Add a new tag
Caveats
  • Supply blocks, unpowered buildings, or Contaminate may cause inaccurate times.
  • Supply counts are checked every 10 seconds.